 Dungeon Crawl Stone Soup version 0.22.1-1-ga44c0e56f4 (webtiles) character file.

4295 Muumios the Fighter (level 10, -11/86 HPs)
             Began as a Mummy Gladiator on Nov 4, 2018.
             Was an Initiate of Gozag.
             Mangled by a wraith (13 damage)
             ... on level 9 of the Dungeon.
             The game lasted 00:12:05 (7947 turns).

Muumios the Fighter (Mummy Gladiator)               Turns: 7947, Time: 00:12:06

Health: -11/86     AC:  5    Str: 22    XL:     10   Next: 11%
Magic:  10/10      EV: 13    Int: 11    God:    Gozag
Gold:   260        SH:  0    Dex: 19    Spells: 9/9 levels left

rFire    x . .     SeeInvis .   r - +2 hunting sling (freeze)
rCold    + . .     Gourm    .   (no shield)
rNeg     + + +     Faith    .   b - +0 leather armour
rPois    ∞         Spirit   .   f - +0 hat of the Hall of Blades {Int+4 Dex+2}
rElec    .         Reflect  .   n - +1 cloak (curse)
rCorr    .         Harm     .   (no gloves)
MR       ++...                  (no boots)
Stlth    +.........             (no amulet)
HPRegen  0.24/turn              s - ring of protection from magic
MPRegen  0.12/turn              l - +4 ring of strength

@: very slightly contaminated, slowed, very slow
A: no food or potions, fire vulnerability, cold resistance 1, negative energy
resistance 3, torment resistance, unbreathing
a: Potion Petition, Call Merchant, Bribe Branch, Renounce Religion


You were on level 9 of the Dungeon.
You worshipped Gozag.
Gozag was aware of your devotion.
You were not hungry.

You visited 1 branch of the dungeon, and saw 9 of its levels.

You collected 933 gold pieces.
You paid 673 gold pieces to Gozag.

Inventory:

Hand Weapons
 a - a +0 flail
 j - a +1 whip of flaming
 p - a +1 dagger of venom
 q - a +1 dagger of draining
 r - a +2 hunting sling of freezing (weapon)
Missiles
 g - 16 poisoned needles
 i - 118 stones (quivered)
 v - 2 curare-tipped needles
Armour
 b - a +0 leather armour (worn)
 c - a +2 helmet
 f - the +0 hat of the Hall of Blades (worn) {Int+4 Dex+2}
   (You found it on level 8 of the Dungeon)

   It affects your intelligence (+4).
   It affects your dexterity (+2).
 n - a cursed +1 cloak (worn)
Jewellery
 e - an uncursed ring of flight
 l - a +4 ring of strength (right hand)
 s - a ring of protection from magic (left hand)
 y - an uncursed ring of protection from magic
Wands
 t - a wand of random effects (17)
Scrolls
 d - a scroll of remove curse
 h - 4 scrolls of identify
 k - a scroll of magic mapping
 m - 2 scrolls of blinking
 o - 7 scrolls of teleportation
 u - a scroll of amnesia
 w - a scroll of fear


   Skills:
 * Level 10.8 Fighting
 - Level 2.6 Maces & Flails
 * Level 8.4(8.5) Slings
 - Level 1.5(5.5) Throwing
 - Level 2.4 Dodging


You had 9 spell levels left.
You didn't know any spells.
Your spell library was empty.

Dungeon Overview and Level Annotations

Branches:
Dungeon (9/15)             Temple (0/1) D:6
   Lair: D:8-11         Orc: D:9-12

Altars:
Cheibriados
Dithmenos
Fedhas
Gozag
Kikubaaqudgha
Makhleb
Nemelex Xobeh
Okawaru
Qazlal
Trog
Uskayaw
Vehumet
Wu Jian
The Shining One

Shops:
D:8 [

Annotations:
D:8 exclusion: oklob plant


Innate Abilities, Weirdness & Mutations

You do not eat or drink.
Your flesh is vulnerable to fire.
You are immune to poison.
Your flesh is cold resistant. (rC+)
You are immune to negative energy. (rN+++)
You are immune to unholy pain and torment.
You can survive without breathing.


Message History

You feel as though you will be slow longer.
The wraith hits you!
* * * LOW HITPOINT WARNING * * *
The wraith drains your vigour!
You feel as though you will be slow longer.
Okay, then.
The wraith hits you!
* * * LOW HITPOINT WARNING * * *
The wraith drains your vigour!
You feel as though you will be slow longer.
Okay, then.
The wraith hits you!
* * * LOW HITPOINT WARNING * * *
Blink to where?
Press: ? - help, Dir - move target cursor, p - wraith You are very lightly contaminated with residual magic.
As you read the scroll of blinking, it crumbles to dust.
The wraith hits you!
You die...
Your body crumbles into a pile of gold.

#....# . #
.....##.. #!
#........
#.##(.......
#.....# ....
#.#...##....
#.##........
#.##........
#####..@...##...
#......W.[.##...
#...............
#..............#
#.......§......#
#...............
#######.........
........##
...........


You could see a wraith.

Vanquished Creatures
  Pikel (D:8)
  A queen bee (D:8)
  A hippogriff (D:7)
  3 orc warriors
  3 sky beasts
  A slave (D:8)
  A phantom (D:5)
  3 ogres
  3 centaurs
  6 bullfrogs
  4 scorpions
  14 killer bees (D:8)
  3 wights (D:7)
  2 howler monkeys
  2 crimson imps
  A hound (D:7)
  Crazy Yiuf (D:3)
  An orc priest (D:8)
  A jelly (D:8)
  2 orc wizards (D:4)
  A bullfrog skeleton (D:6)
  2 centaur skeletons
  3 iguanas
  Terence (D:2)
  8 worker ants
  A hound zombie (D:8)
  A worker ant zombie (D:6)
  Robin (D:2)
  6 gnolls
  6 adders
  2 shadow imps (D:5)
  A white imp (D:5)
  An adder skeleton (D:7)
  7 worms
  6 dart slugs
  3 leopard geckos
  17 orcs
  6 giant cockroaches
  13 goblins
  7 hobgoblins
  11 jackals
  4 quokkas
  3 ball pythons
  A ball python skeleton (D:4)
  4 bats
  2 frilled lizards
  A giant cockroach zombie (D:6)
  A goblin skeleton (D:5)
  2 hobgoblin zombies (D:5)
  4 kobolds (D:2)
  A kobold skeleton (D:5)
  3 orc zombies (D:5)
  A quokka skeleton (D:6)
  10 rats
195 creatures vanquished.

Vanquished Creatures (others)
  2 fungi (D:8)
2 creatures vanquished.

Grand Total: 197 creatures vanquished

Notes
Turn   | Place    | Note
-------+----------+-------------------------------------------
     0 | D:1      | Muumios the Mummy Gladiator began the quest for the Orb.
     0 | D:1      | Reached XP level 1. HP: 16/16 MP: 1/1
   318 | D:1      | Reached XP level 2. HP: 23/23 MP: 2/2
   954 | D:2      | Reached skill level 3 in Fighting
   954 | D:2      | Reached XP level 3. HP: 29/29 MP: 3/3
   959 | D:2      | Found a radiant altar of Vehumet.
   998 | D:2      | Reached skill level 1 in Slings
  1053 | D:2      | Noticed Robin
  1058 | D:2      | Killed Robin
  1138 | D:2      | Reached XP level 4. HP: 32/35 MP: 4/4
  1161 | D:2      | Noticed Terence
  1184 | D:2      | Killed Terence
  1626 | D:3      | Reached skill level 4 in Fighting
  1646 | D:3      | Reached XP level 5. HP: 42/42 MP: 5/5
  1707 | D:3      | Found a bloodstained altar of Trog.
  1742 | D:3      | Found a shadowy altar of Dithmenos.
  1882 | D:3      | Found a runed door.
  1937 | D:3      | Noticed Crazy Yiuf
  1945 | D:3      | Killed Crazy Yiuf
  2053 | D:3      | Found an ornate altar of the Wu Jian Council.
  2287 | D:4      | Reached XP level 6. HP: 50/50 MP: 6/6
  2393 | D:4      | Reached skill level 5 in Fighting
  2691 | D:4      | Found a snail-covered altar of Cheibriados.
  2850 | D:4      | Reached XP level 7. HP: 56/56 MP: 7/7
  3040 | D:4      | Found a sparkling altar of Nemelex Xobeh.
  3044 | D:4      | Found a burning altar of Makhleb.
  3069 | D:5      | Entered Level 5 of the Dungeon
  3112 | D:5      | Found an opulent altar of Gozag.
  3123 | D:5      | Became a worshipper of Gozag Ym Sagoz the Greedy
  3440 | D:5      | Reached skill level 6 in Fighting
  3682 | D:5      | Found a glowing golden altar of the Shining One.
  3839 | D:6      | Reached skill level 5 in Slings
  3846 | D:6      | Reached XP level 8. HP: 54/65 MP: 8/8
  3858 | D:6      | Reached skill level 7 in Fighting
  3909 | D:6      | Found a bloodstained altar of Trog.
  4072 | D:6      | Found a staircase to the Ecumenical Temple.
  4147 | D:6      | Found a stormy altar of Qazlal.
  4589 | D:7      | Reached skill level 8 in Fighting
  4957 | D:7      | Noticed a hippogriff
  4968 | D:7      | Killed a hippogriff
  4968 | D:7      | Reached XP level 9. HP: 63/75 MP: 9/9
  5113 | D:7      | Reached skill level 9 in Fighting
  5154 | D:7      | Found an ancient bone altar of Kikubaaqudgha.
  5333 | D:8      | Found a hide-covered altar of Uskayaw.
  5581 | D:8      | Noticed a queen bee
  5613 | D:8      | Killed a queen bee
  5852 | D:8      | Noticed Maurice
  5924 | D:8      | Reached skill level 10 in Fighting
  6417 | D:8      | Found an iron altar of Okawaru.
  6515 | D:8      | Got a pitted hat
  6788 | D:8      | Identified the +0 hat of the Hall of Blades {Int+4 Dex+2}
                  | (You found it on level 8 of the Dungeon)
  6948 | D:8      | Noticed Pikel
  6982 | D:8      | Killed Pikel
  6982 | D:8      | Reached XP level 10. HP: 42/86 MP: 10/10
  7282 | D:8      | Found a blossoming altar of Fedhas.
  7305 | D:8      | Noticed an oklob plant
  7710 | D:8      | Noticed Maurice
  7710 | D:8      | Maurice changed into Maurice the worm
  7723 | D:8      | Killed Maurice the worm
  7945 | D:9      | HP: 2/86 [wraith (9)]
  7947 | D:9      | Mangled by a wraith

Skill      XL: |  1  2  3  4  5  6  7  8  9 |
---------------+----------------------------+-----
Fighting       | 3 4 5 6 8 10 | 10.8
Slings         | 1 2 3 4 5 6 8 |  8.4
Maces & Flails | |  2.6
Throwing       | |  1.5
Dodging        | |  2.4

Action                   |  1- 3 |  4- 6 |  7- 9 | 10-12 || total
-------------------------+-------+-------+-------+-------++-------
Melee: Flail             |    25 |       |       |       ||    25
       Hunting sling     |       |       |     1 |       ||     1
       Dagger            |       |       |    69 |       ||    69
       Whip              |       |       |       |    39 ||    39
 Fire: Hunting sling     |    74 |   200 |   542 |     4 ||   820
Throw: Throwing net      |       |     1 |     3 |       ||     4
Invok: Call Merchant     |       |       |       |     1 ||     1
Evoke: Wand              |       |       |    31 |     3 ||    34
  Use: Scroll            |     7 |     4 |     4 |     1 ||    16
 Stab: Sleeping          |     1 |       |       |       ||     1
Armor: Leather armour    |    11 |    24 |    74 |     4 ||   113
Dodge: Dodged            |    31 |    41 |   193 |    19 ||   284
